 Dungeon Crawl Stone Soup version 0.21-a0-51-gea492e9 (webtiles) character file.

137 grindst0ne the Skirmisher (level 5, -1/43 HPs)
             Began as a Demonspawn Abyssal Knight on June 12, 2017.
             Was a Believer of Lugonu.
             Slain by an orc warrior
             ... wielding a +0 mace
              (4 damage)
             ... on level 3 of the Dungeon.
             The game lasted 00:03:12 (2993 turns).

grindst0ne the Skirmisher (DsAK)                    Turns: 2993, Time: 00:03:14

Health: -1/43      AC: 14    Str: 13    XL:     5   Next: 0%
Magic:  6/6        EV:  6    Int: 13    God:    Lugonu [**....]
Gold:   107        SH:  0    Dex: 13    Spells: 4/4 levels left

rFire    . . .     SeeInvis .   a - +1 hand axe
rCold    . . .     Gourm    .   (no shield)
rNeg     . . .     Faith    .   h - +0 chain mail
rPois    .         Spirit   .   (no helmet)
rElec    .         Reflect  .   (no cloak)
rCorr    .         Harm     .   (no gloves)
MR       .....                  (no boots)
Stlth    ..........             (no amulet)
Regen    0.2/turn               (no ring)
MPRegen  0.1/turn               (no ring)

@: sanguine armour
A: sanguine armour 1
a: Depart the Abyss, Bend Space, Renounce Religion


You were on level 3 of the Dungeon.
You worshipped Lugonu.
Lugonu was pleased with you.
You were not hungry.

You visited 1 branch of the dungeon, and saw 3 of its levels.
You visited the Abyss 1 time.

You collected 107 gold pieces.

Inventory:

Hand Weapons
 a - a +1 hand axe (weapon)
Armour
 b - a +0 leather armour
 h - a +0 chain mail (worn)
Wands
 i - a wand of disintegration (11/24)
Scrolls
 d - 2 scrolls of identify {unknown}
 e - a scroll of fear {unknown}
 f - a scroll of random uselessness {unknown}
 m - a scroll of teleportation {unknown}
Comestibles
 c - 3 bread rations
 g - 2 fruits


   Skills:
 + Level 4.8 Fighting
 + Level 3.2 Axes
 - Level 1.7 Armour
 - Level 0.8 Dodging
 - Level 2.4 Invocations


You had 4 spell levels left.
You didn't know any spells.

Dungeon Overview and Level Annotations

Branches:
Dungeon (3/15)

Altars:


Innate Abilities, Weirdness & Mutations

When seriously injured, your bleeding wounds create armour. (AC +6)


Message History

The orc warrior hits you but does no damage.
There is a stone staircase leading up here.
You can't go down here!
You hit the orc warrior.
The orc warrior is lightly wounded.
The orc warrior hits you with a mace!
You hit the orc warrior but do no damage.
The orc warrior is lightly wounded.
The orc warrior hits you with a mace!
Your blood congeals into armour.
You hit the orc warrior but do no damage.
The orc warrior is lightly wounded.
The orc warrior hits you with a mace!
You hit the orc warrior but do no damage.
The orc warrior is lightly wounded.
The orc warrior hits you with a mace!
* * * LOW HITPOINT WARNING * * *
You closely miss the orc warrior.
The orc warrior is lightly wounded.
The orc warrior hits you with a mace.
You die...

# .# #.## #...
##..# #...# ###
#o@# #.. #..#
#.# #..# #.#
###..# #.#
#....# ## ## #
#######.###[##.#
##. .####
#..........)##.#
#.. ..#...##
#.#####.##..##.#
#.# ...#.## #.#
#.##..##.# #.#
#.##.##


You could see an orc warrior.

Vanquished Creatures
  An orc priest (D:3)
  Terence (D:3)
  2 adders (D:2)
  An ooze (D:2)
  An adder skeleton (D:2)
  2 dart slugs
  A leopard gecko (D:2)
  3 orcs (D:3)
  4 giant cockroaches
  5 goblins
  9 hobgoblins
  2 jackals (D:1)
  4 kobolds
  A quokka (D:2)
  A ball python skeleton (D:2)
  4 bats
  3 frilled lizards
  A jackal skeleton (D:2)
  3 rats
49 creatures vanquished.

Notes
Turn   | Place    | Note
-------+----------+-------------------------------------------
     0 | Abyss:1  | grindst0ne the Demonspawn Abyssal Knight began the quest for the Orb.
     0 | Abyss:1  | Reached XP level 1. HP: 18/18 MP: 2/2
     0 | D:1      | Escaped the Abyss
   137 | D:1      | Reached * piety under Lugonu
   303 | D:1      | Gained mutation: When seriously injured, your bleeding wounds create armour. (AC +6) [demonic ancestry]
   303 | D:1      | Reached XP level 2. HP: 21/24 MP: 3/3
  1042 | D:2      | Reached XP level 3. HP: 22/30 MP: 4/4
  1590 | D:2      | Reached skill level 4 in Fighting
  2560 | D:3      | Reached XP level 4. HP: 25/37 MP: 5/5
  2665 | D:3      | Noticed Terence
  2669 | D:3      | Reached ** piety under Lugonu
  2693 | D:3      | Killed Terence
  2755 | D:3      | Reached XP level 5. HP: 26/43 MP: 6/6
  2762 | D:3      | Noticed an orc warrior
  2993 | D:3      | Slain by an orc warrior

Vault maps used:
D:1:      saegor_arrival_simple_d, minmay_misc_feat_five
D:2:      first_bread, serial_undead, serial_undead_b, serial_undead_f,
          serial_undead_a, serial_undead_c
D:3:      uniq_terence, uniq_sigmund

Skill      XL: |  1  2  3  4 |
---------------+-------------+-----
Axes           | 2 3 |  3.2
Fighting       | 4 |  4.8
Armour         | |  1.7
Dodging        | |  0.8
Invocations    | |  2.4

Action                   |  1- 3 |  4- 6 || total
-------------------------+-------+-------++-------
Melee: Hand axe          |   136 |    52 ||   188
Invok: Depart the Abyss  |     1 |       ||     1
  Use: Potion            |       |     4 ||     4
  Eat: Chunk             |     4 |     3 ||     7
Armor: Leather armour    |    34 |     2 ||    36
       Chain mail        |       |    14 ||    14
Dodge: Dodged            |    86 |    17 ||   103
